AoeStats
← LG73

Arabia

503563796Analyzed
1v1 RM · 1mo ago on Sep 1, 2026· 53m 33s· 2 players
Game mode
Random Map
Map size
Tiny (2 player)
Population
200
Speed
Normal
Resources
Standard
Victory
Conquest
Starting age
Dark Age
Ending age
Imperial Age
RankedLock teamsTeams togetherTeam positionsShared explorationLock speedFull tech treeHidden civsTurbo modeCheats
Victory
Defeat
🇳🇿 Celts · New Zealand
1274
+16
🇬🇧 Hindustanis · United Kingdom
1273
-16
LG73
8:43 Loom
11:13 Feudal Age
18:18 Castle Age
16:38 Double-Bit Axe
16:34 Horse Collar
17:04 Stone Mining
18:25 Gold Mining
19:35 Bow Saw
19:33 Heavy Plow
20:52 Fletching
24:57 Bodkin Arrow
27:32 Scale Mail Armor
28:24 Wheelbarrow
32:44 Padded Archer Armor
35:45 Imperial Age
33:31 Hand Cart
37:46 Imperial Age
38:53 Chain Mail Armor
38:48 Forging
41:27 Forging
41:44 Conscription
44:16 Iron Casting
44:41 Bracer
44:57 Leather Archer Armor
45:48 Gold Shaft Mining
46:41 Blast Furnace
46:51 Chemistry
46:02 Masonry
46:13 Ballistics
47:52 Ring Archer Armor
Owl Lomesto
6:58 Loom
10:18 Feudal Age
10:24 Man-at-Arms
15:09 Double-Bit Axe
21:05 Castle Age
19:58 Forging
21:33 Long Swordsman
22:18 Scale Mail Armor
24:16 Pikeman
28:13 Chain Mail Armor
28:45 Gambesons
29:41 Arson
35:14 Iron Casting
35:55 Wheelbarrow
39:32 Fletching
41:20 Gold Mining
41:46 Hand Cart
42:10 Bow Saw
45:16 Imperial Age
43:37 Town Watch
44:10 Bodkin Arrow
44:46 Horse Collar
45:28 Capped Ram
46:39 Plate Mail Armor
47:10 Blast Furnace
45:33 Two-Handed Swordsman
45:34 Halberdier
45:37 Elite Woad Raider
46:19 Heavy Scorpion
47:45 Furor Celtica
49:23 Conscription
49:15 Siege Ram
51:54 Champion
Connection lost

Rejoining the realm…

Still unreachable

The connection could not be restored.

Session expired

The server has moved on; the page needs a fresh start.